 Dungeon Crawl Stone Soup version 0.21.1-1-g345015fe64 (webtiles) character file.

497 Mrkan the Insei (level 6, -2/47 HPs)
             Began as a Draconian Transmuter on May 6, 2018.
             Slain by a gnoll
             ... wielding a +2 antimagic halberd
              (5 damage)
             ... on level 4 of the Dungeon.
             The game lasted 00:11:40 (4120 turns).

Mrkan the Insei (Draconian Transmuter)              Turns: 4120, Time: 00:11:41

Health: -2/47      AC:  6    Str: 13    XL:     6   Next: 93%
Magic:  0/11       EV: 12    Int: 13    God:
Gold:   202        SH:  0    Dex: 13    Spells: 6/12 levels left

rFire    . . .     SeeInvis .     - Unarmed
rCold    . . .     Gourm    .   (no shield)
rNeg     . . .     Faith    .   (armour unavailable)
rPois    .         Spirit   .   (helmet restricted)
rElec    .         Reflect  .   (no cloak)
rCorr    .         Harm     .   (no gloves)
MR       .....                  (no boots)
Stlth    +.........             (no amulet)
HPRegen  0.15/turn              (no ring)
MPRegen  0.12/turn              (no ring)

@: appendage
A: unfitting armour, horns 2, cold-blooded, AC +6
a: End Transformation


You were on level 4 of the Dungeon.
You were very hungry.
You had grown temporary horns.
You visited 1 branch of the dungeon, and saw 4 of its levels.

You collected 202 gold pieces.

Inventory:

Jewellery
 e - an uncursed amulet of the gourmand {unknown}
 i - a +1 ring of evasion {unknown}
Scrolls
 f - 3 scrolls of remove curse
Potions
 a - a potion of might {unknown}
 d - a potion of curing {unknown}
 h - 2 potions of flight {unknown}
 j - 2 potions of heal wounds
 k - a potion of agility {unknown}
 n - a potion of lignification {unknown}
 s - a potion of magic {unknown}
Books
 b - a book of Changes

   Spells                             Type                      Level
   a - Beastly Appendage              Transmutation                1
   b - Sticks to Snakes               Transmutation                2
   c - Spider Form                    Transmutation/Poison         3
   d - Ice Form                       Ice/Transmutation            4
   e - Blade Hands                    Transmutation                5
 p - a book of Changes

   Spells                             Type                      Level
   a - Beastly Appendage              Transmutation                1
   b - Sticks to Snakes               Transmutation                2
   c - Spider Form                    Transmutation/Poison         3
   d - Ice Form                       Ice/Transmutation            4
   e - Blade Hands                    Transmutation                5
Comestibles
 c - 6 rations


   Skills:
 - Level 1.1 Fighting
 - Level 1.7 Dodging
 * Level 5.4 Unarmed Combat
 + Level 3.5 Spellcasting
 * Level 5.0 Transmutations


You had 6 spell levels left.
You knew the following spells:

 Your Spells              Type           Power        Failure   Level  Hunger
a - Beastly Appendage     Tmut           ###...       2%          1    #......
b - Sticks to Snakes      Tmut           ###.....     4%          2    ##.....
c - Spider Form           Tmut/Pois      #.........   24%         3    ###....


Dungeon Overview and Level Annotations

Branches:
Dungeon (4/15)
 Temple: D:4-7

Altars:
Nemelex Xobeh
Okawaru
Sif Muna
Vehumet
Wu Jian


Innate Abilities, Weirdness & Mutations

Your plain brown scales are hard. (AC +6)
You cannot fit into any form of body armour.
You are cold-blooded and may be slowed by cold attacks.
You have a pair of horns on your head.


Message History

The gnoll is severely wounded.
The gnoll misses you.
You barely miss the gnoll. Your headbutt misses the gnoll.
Your tail-slap misses the gnoll.
The gnoll is severely wounded.
The gnoll barely misses you.
You hit the gnoll but do no damage.
The gnoll is severely wounded.
You hit the gnoll but do no damage.
The gnoll is severely wounded.
The gnoll barely misses you.
You barely miss the gnoll.
You headbutt the gnoll, but do no damage.
The gnoll is severely wounded.
The gnoll hits you with an antimagic halberd!
* * * LOW HITPOINT WARNING * * *
You closely miss the gnoll.
The gnoll is severely wounded.
The gnoll hits you with an antimagic halberd.
You die...

##...#.##........#
#####.......#######
####.>..#≈≈≈≈≈#
##...#≈♣.♣≈#******
#...'.._.≈#+,,,,*
#.#.#≈♣.♣≈#****,*
#.#.#≈≈≈≈≈# *,*
#######.############*,*
#.........).)@g....#*,*
******
##################.#*,*
*,,,,, *,**,* *,****
*,**,***,* * *,**,,,,,*
* *,***********
*,,,,,,,,,,,,
*************


You could see a gnoll.

Vanquished Creatures
  A phantom (D:4)
  An ogre (D:3)
  A bullfrog (D:3)
  2 howler monkeys (D:4)
  A hound (D:4)
  2 worker ants (D:4)
  3 gnolls (D:4)
  5 adders (D:2)
  2 worms
  2 dart slugs
  2 leopard geckos (D:2)
  An orc (D:4)
  7 bats
  2 giant cockroaches
  10 goblins
  7 hobgoblins
  3 jackals (D:4)
  A ball python (D:2)
  3 frilled lizards
  8 kobolds
  6 rats
70 creatures vanquished.

Vanquished Creatures (collateral kills)
  An adder (D:4)
  A goblin (D:3)
  A jackal (D:4)
3 creatures vanquished.

Grand Total: 73 creatures vanquished

Notes
Turn   | Place    | Note
-------+----------+-------------------------------------------
     0 | D:1      | Mrkan the Draconian Transmuter began the quest for the Orb.
     0 | D:1      | Reached XP level 1. HP: 16/16 MP: 3/3
   158 | D:1      | Reached XP level 2. HP: 23/23 MP: 5/5
   678 | D:2      | Found a sparkling altar of Nemelex Xobeh.
   732 | D:2      | Reached XP level 3. HP: 11/28 MP: 4/6
  1798 | D:2      | Reached XP level 4. HP: 34/35 MP: 7/7
  2066 | D:2      | Learned a level 2 spell: Sticks to Snakes
  2070 | D:2      | Learned a level 3 spell: Spider Form
  2096 | D:3      | Noticed a bullfrog
  2101 | D:3      | Killed a bullfrog
  2101 | D:3      | Reached XP level 5. HP: 12/40 MP: 7/9
  2372 | D:3      | Noticed an ogre
  2405 | D:3      | Killed an ogre
  2758 | D:3      | Found a deep blue altar of Sif Muna.
  2856 | D:3      | Found a radiant altar of Vehumet.
  3363 | D:4      | Reached XP level 6. HP: 43/47 MP: 7/10
  3460 | D:4      | Reached skill level 5 in Unarmed Combat
  3783 | D:4      | Found an iron altar of Okawaru.
  4064 | D:4      | Found an ornate altar of the Wu Jian Council.
  4104 | D:4      | Reached skill level 5 in Transmutations
  4120 | D:4      | Slain by a gnoll

Skill      XL: |  1  2  3  4  5  6 |
---------------+-------------------+-----
Transmutations | 3 4 5 |  5.0
Unarmed Combat | 4 5 |  5.4
Spellcasting   | 3 |  3.5
Fighting       | |  1.1
Dodging        | |  1.7

Action                   |  1- 3 |  4- 6 || total
-------------------------+-------+-------++-------
Melee: Unarmed           |   120 |   161 ||   281
       Tailslap          |     9 |    12 ||    21
       Kick              |     1 |    10 ||    11
       Headbutt          |       |     7 ||     7
       Punch             |       |     3 ||     3
 Cast: Beastly Appendage |     6 |    13 ||    19
       Sticks to Snakes  |       |    12 ||    12
  Use: Scroll            |       |     6 ||     6
       Potion            |       |     1 ||     1
 Stab: Sleeping          |     1 |       ||     1
  Eat: Chunk             |     3 |     4 ||     7
       Ration            |       |     1 ||     1
Armor: Skin              |    36 |    33 ||    69
Dodge: Dodged            |    75 |    97 ||   172
